Map: Odyssey LE

Players

Metasapien

  • Race: Zerg Zerg
  • League: Platinum
  • Spawn Location: 11:00

Cheater 1 (Resources) - Winner!

  • Race: Protoss Protoss
  • Spawn Location: 5:00

VOD

Have the link to the VOD?

Description

Time

  • Played on: Sept. 24, 2017, 10:41 p.m.
  • Length: 16:27
Show
View Real Time Build Order
Export as new Build Order

Metasapien Zerg 

Build Orders: Hatch First 

Get SALT Encoding   

  12  0:18  Overlord  
  12  0:30  Drone  
  13  0:46  Hatchery  
  13  0:47  Drone  
  13  0:52  Extractor  
  13  0:54  Drone  
  13  1:06  Drone x2  
  15  1:23  Spawning Pool  
  14  1:25  Drone  
  14  1:29  Drone  
  14  1:31  Drone  
  17  1:53  Drone  
  18  1:58  Drone  
  18  2:00  Drone  
  20  2:15  Drone  
  20  2:16  Overlord  
  20  2:18  Drone  
  20  2:21  Metabolic Boost  
  22  2:26  Drone  
  23  2:40  Drone  
  23  2:42  Drone  
  25  2:49  Drone x2, Hatchery  
  25  2:50  Extractor  
  25  2:51  Drone  
  25  2:57  Extractor  
  25  2:59  Queen  
  27  3:07  Queen  
  29  3:19  Drone  
  30  3:20  Overlord  
  30  3:21  Overlord  
  30  3:24  Drone  
  30  3:25  Drone  
  30  3:26  Drone  
  33  3:28  Extractor  
  32  3:45  Zergling x2  
  33  3:51  Drone  
  34  4:01  Drone  
  34  4:02  Drone x3  
  38  4:10  Drone  
  39  4:18  Lair  
  39  4:20  Drone  
  40  4:27  Roach Warren  
  40  4:28  Drone  
  40  4:29  Drone x3  
  40  4:30  Overlord x4  
  43  4:32  Overlord  
  43  4:34  Drone  
  43  4:37  Queen  
  46  4:40  Queen  
  46  4:42  Overlord  
  48  4:51  Drone  
  48  4:52  Spine Crawler  
  48  4:53  Drone  
  48  4:54  Drone x3  
  48  4:58  Drone  
  53  5:03  Zergling x4  
  53  5:04  Zergling x4  
  53  5:06  Drone x2  
  59  5:12  Queen  
  61  5:15  Overlord x3  
  61  5:16  Overlord  
  61  5:32  Roach  
  61  5:33  Roach x8  
  61  5:34  Overlord  
  79  5:50  Hydralisk Den  
  79  5:53  Infestation Pit  
  79  5:54  Drone  
  79  5:55  Drone x4  
  82  5:59  Roach x4  
  90  6:05  Drone  
  91  6:14  Roach x2  
  91  6:15  Roach x2  
  91  6:17  Ravager  
  91  6:18  Ravager  
  101  6:20  Ravager x2  
  101  6:21  Ravager  
  101  6:25  Hatchery  
  103  6:26  Queen  
  103  6:27  Muscular Augments  
  103  6:29  Glial Reconstitution  
  105  6:34  Drone x2  
  107  6:53  Spine Crawler  
  106  6:55  Drone x2  
  106  6:57  Roach, Hydralisk x4  
  106  6:58  Roach  
  120  7:17  Nydus Network  
  119  7:24  Hydralisk  
  119  7:25  Roach x2  
  125  7:32  Evolution Chamber  
  125  7:36  Evolution Chamber  
  122  7:47  Hydralisk x2  
  122  7:48  Hydralisk x3  
  122  7:50  Zergling x6  
  122  7:51  Zergling x12  
  137  7:52  Zergling x2  
  140  8:06  Zerg Missile Weapons Level 1  
  140  8:10  Drone x3  
  143  8:16  Drone x3  
  143  8:17  Drone  
  143  8:18  Hydralisk  
  143  8:19  Overlord x4, Roach  
  149  8:32  Zerg Ground Armor Level 1  
  128  8:48  Swarm Host  
  128  8:49  Zergling x2  
  128  8:50  Zergling x26  
  127  9:08  Roach x3  
  127  9:09  Zergling x2, Roach x3  
  135  9:10  Zergling x4  
  120  9:18  Hatchery  
  120  9:19  Roach, Hydralisk x2  
  120  9:20  Roach  
  119  9:34  Hydralisk x3  
  119  9:35  Hydralisk x6  
  119  9:36  Hatchery  
  119  9:37  Zergling x2  
  119  9:38  Zergling x8  
  141  9:55  Extractor  
  141  9:56  Drone x4, Extractor  
  141  9:57  Hydralisk x4  
  141  9:58  Roach x2  
  155  10:16  Extractor  
  155  10:19  Extractor  
  153  10:31  Hydralisk x2  
  153  10:32  Roach x5, Hydralisk x2  
  153  10:33  Roach  
  173  10:37  Overlord x2  
  173  10:38  Overlord  
  173  10:41  Extractor x2  
  171  10:44  Queen, Pneumatized Carapace  
  173  10:54  Ravager  
  168  11:03  Ravager  
  107  11:20  Ravager  
  95  11:29  Zerg Missile Weapons Level 2  
  89  11:35  Hydralisk  
  89  11:36  Roach x3  
  89  11:37  Zergling x2  
  89  11:38  Zergling x30  
  105  11:52  Spine Crawler  
  93  11:54  Spine Crawler  
  93  11:56  Spine Crawler x2  
  74  12:24  Drone x2  
  74  12:26  Hydralisk  
  74  12:27  Hydralisk x8  
  74  12:29  Zergling x4  
  91  12:30  Zergling x10  
  84  12:46  Hatchery  
  76  13:00  Hydralisk  
  76  13:01  Hydralisk x4  
  76  13:02  Hydralisk x4  
  91  13:07  Roach x2  
  91  13:09  Drone  
  91  13:10  Drone x3  
  99  13:16  Drone x7  
  99  13:17  Drone x4  
  110  13:26  Evolution Chamber  
  109  13:29  Evolution Chamber  
  109  13:31  Overseer  
  109  13:32  Overseer  
  108  13:36  Drone x3  
  108  13:40  Drone x2  
  113  13:41  Zergling x2  
  113  13:42  Zergling x12  
  120  13:50  Drone x3  
  120  13:52  Drone x3  
  126  14:00  Zerg Melee Weapons Level 1  
  116  14:21  Overlord  
  116  14:22  Overlord, Hydralisk x5  
  116  14:23  Roach, Hydralisk  
  123  14:24  Roach x4  
  123  14:26  Ravager x2  
  123  14:30  Zergling x2  
  123  14:31  Zergling x6  
  117  14:42  Drone  
  117  14:43  Roach x4  
  111  14:47  Zergling x4  
  111  14:48  Zergling x2, Roach x2  
  78  15:09  Roach  
  78  15:10  Roach x7  
  78  15:12  Hatchery  
  91  15:26  Roach x8  
  91  15:33  Drone x2  
  93  15:40  Extractor  
  93  15:43  Ravager x8  
  93  15:47  Ravager x5  
  93  15:48  Ravager x3  
Show
View Real Time Build Order
Export as new Build Order

Cheater 1 (Resources) Protoss - Winner!

Build Orders: 1 Gate Expand, Zealot Archon 

Get SALT Encoding   

  12  0:01  Probe (Chrono Boost)  
  13  0:11  Probe (Chrono Boost)  
  14  0:20  Pylon  
  14  0:22  Probe (Chrono Boost)  
  15  0:38  Probe (Chrono Boost)  
  16  0:47  Assimilator  
  16  0:48  Probe (Chrono Boost)  
  17  0:50  Gateway  
  17  0:59  Probe (Chrono Boost)  
  17  1:00  Pylon  
  18  1:10  Probe (Chrono Boost)  
  19  1:20  Probe (Chrono Boost)  
  20  1:31  Probe (Chrono Boost)  
  21  1:40  Nexus  
  21  1:42  Probe (Chrono Boost), Zealot  
  24  1:53  Probe (Chrono Boost)  
  25  1:59  Cybernetics Core  
  25  2:08  Gateway  
  25  2:16  Pylon  
  25  2:17  Zealot  
  28  2:22  Probe (Chrono Boost)  
  28  2:28  Warp Gate  
  28  2:33  Assimilator  
  28  2:34  Probe (Chrono Boost)  
  29  2:42  Adept  
  31  2:45  Probe (Chrono Boost)  
  32  2:54  Adept  
  32  2:55  Pylon  
  32  2:56  Probe (Chrono Boost)  
  35  3:00  Probe (Chrono Boost)  
  36  3:07  Adept  
  39  3:13  Probe (Chrono Boost)  
  39  3:19  Sentry  
  41  3:32  Stalker  
  41  3:33  Probe (Chrono Boost), Gateway  
  45  3:41  Probe (Chrono Boost)  
  45  3:44  Stalker  
  47  3:50  Probe (Chrono Boost)  
  47  3:52  Probe (Chrono Boost)  
  49  4:00  Stalker  
  49  4:01  Probe (Chrono Boost)  
  50  4:04  Probe (Chrono Boost)  
  53  4:12  Stalker  
  53  4:13  Probe (Chrono Boost)  
  53  4:16  Probe (Chrono Boost)  
  57  4:17  Stalker  
  57  4:20  Pylon  
  60  4:24  Probe (Chrono Boost)  
  60  4:27  Probe (Chrono Boost)  
  60  4:31  Pylon  
  61  4:38  Stalker  
  65  4:39  Probe x2 (Chrono Boost)  
  65  4:45  Gateway  
  65  4:49  Stalker  
  65  4:50  Probe (Chrono Boost)  
  65  4:51  Probe (Chrono Boost)  
  69  4:55  Pylon, Stalker  
  69  4:59  Pylon  
  71  5:00  Stalker  
  71  5:02  Probe (Chrono Boost)  
  71  5:03  Probe (Chrono Boost)  
  75  5:11  Stalker  
  75  5:13  Probe (Chrono Boost)  
  79  5:14  Probe (Chrono Boost), Pylon  
  79  5:17  Stalker  
  81  5:21  Stalker  
  81  5:25  Probe (Chrono Boost)  
  81  5:26  Probe (Chrono Boost)  
  85  5:32  Stalker  
  85  5:34  Twilight Council  
  87  5:37  Probe x2 (Chrono Boost), Pylon  
  87  5:39  Stalker  
  87  5:40  Stalker  
  87  5:41  Forge  
  93  5:43  Stalker  
  93  5:45  Forge  
  93  5:48  Probe (Chrono Boost)  
  93  5:49  Probe (Chrono Boost)  
  97  5:50  Assimilator  
  97  5:53  Assimilator  
  97  5:54  Zealot  
  99  6:00  Sentry  
  99  6:01  Pylon  
  101  6:10  Zealot x2  
  105  6:16  Templar Archives  
  105  6:19  Zealot  
  105  6:21  Zealot  
  105  6:23  Nexus, Pylon  
  109  6:29  Zealot x2  
  113  6:40  Zealot  
  113  6:41  Zealot  
  113  6:47  Pylon, Zealot  
  117  6:48  Zealot  
  117  6:49  Protoss Ground Weapons Level 1  
  117  6:50  Robotics Facility  
  121  6:56  Protoss Ground Armor Level 1  
  121  6:59  High Templar  
  121  7:00  High Templar  
  125  7:06  Zealot  
  125  7:07  Zealot  
  129  7:10  Pylon  
  129  7:14  Psionic Storm  
  129  7:21  Archon, Pylon  
  129  7:25  High Templar  
  129  7:27  Zealot  
  129  7:29  Zealot  
  135  7:32  Zealot  
  135  7:36  Probe (Chrono Boost)  
  140  7:37  Probe x2 (Chrono Boost)  
  140  7:38  Observer  
  141  7:47  Zealot  
  141  7:48  Probe (Chrono Boost), High Templar  
  141  7:49  Probe (Chrono Boost)  
  141  7:50  Probe (Chrono Boost), Assimilator  
  148  7:51  Zealot  
  148  7:52  Pylon  
  148  7:53  Assimilator  
  148  7:57  Nexus  
  148  7:58  Immortal  
  150  7:59  Archon  
  150  8:00  Probe (Chrono Boost)  
  150  8:01  Probe (Chrono Boost)  
  150  8:02  Probe (Chrono Boost)  
  150  8:03  High Templar  
  159  8:12  Probe x2 (Chrono Boost)  
  162  8:13  Probe (Chrono Boost), Pylon  
  162  8:14  High Templar  
  164  8:22  Archon  
  164  8:23  Probe (Chrono Boost), High Templar  
  165  8:28  Probe (Chrono Boost)  
  165  8:29  Probe (Chrono Boost)  
  165  8:30  Zealot  
  165  8:33  Pylon, Zealot  
  165  8:34  Warp Prism  
  159  8:35  Probe (Chrono Boost)  
  159  8:39  Probe (Chrono Boost)  
  152  8:45  Zealot  
  150  8:49  High Templar  
  150  8:52  Zealot  
  150  8:55  Zealot  
  150  8:56  Pylon  
  138  9:04  Photon Cannon, Sentry  
  138  9:06  Pylon, Immortal  
  131  9:10  Probe (Chrono Boost), Photon Cannon  
  131  9:11  Zealot  
  131  9:14  Zealot  
  131  9:19  Zealot  
  131  9:20  Archon  
  131  9:22  Assimilator  
  133  9:25  Pylon, Zealot  
  133  9:26  Pylon  
  133  9:27  Assimilator  
  133  9:29  High Templar  
  133  9:30  Photon Cannon  
  135  9:31  Photon Cannon  
  135  9:32  High Templar  
  135  9:38  Zealot  
  139  9:40  Gateway  
  139  9:41  Archon, Robotics Facility  
  139  9:43  Observer, Sentry  
  142  9:47  Forge, Nexus  
  142  9:50  Photon Cannon  
  142  9:52  Photon Cannon  
  142  9:56  Zealot  
  142  9:58  Photon Cannon, Zealot  
  146  10:00  Warp Prism, High Templar  
  146  10:03  Photon Cannon, Zealot  
  152  10:07  Photon Cannon  
  152  10:14  Sentry  
  154  10:16  Zealot  
  156  10:21  Zealot  
  156  10:26  Immortal  
  162  10:29  Zealot  
  162  10:34  Protoss Ground Armor Level 2, Zealot x2  
  162  10:35  Pylon, Observer, Protoss Ground Weapons Level 2, Zealot  
  170  10:39  Adept  
  173  10:47  Zealot  
  175  10:52  Photon Cannon, Immortal  
  175  10:53  Adept, Zealot x2  
  175  10:56  Photon Cannon  
  185  10:58  Sentry  
  185  10:59  Photon Cannon  
  185  11:01  Photon Cannon  
  185  11:06  Stalker  
  169  11:11  Stalker  
  169  11:12  Sentry, Zealot  
  143  11:19  Zealot  
  143  11:22  Pylon  
  143  11:25  Immortal  
  129  11:27  Zealot  
  129  11:30  Zealot  
  123  11:33  Zealot, Stalker, Immortal  
  123  11:34  Photon Cannon  
  123  11:38  High Templar  
  131  11:44  Gateway  
  131  11:46  Zealot  
  127  11:48  Stalker  
  127  11:50  Nexus, Robotics Facility  
  127  11:52  Stalker  
  121  11:54  Stalker  
  121  11:57  Archon  
  123  12:04  Adept  
  123  12:08  High Templar  
  127  12:09  Photon Cannon  
  127  12:10  Zealot  
  127  12:13  Adept  
  127  12:14  Pylon  
  129  12:16  Zealot  
  129  12:21  Photon Cannon  
  131  12:23  Zealot  
  131  12:24  Immortal  
  131  12:28  Adept  
  137  12:31  Sentry  
  137  12:32  Immortal  
  137  12:35  Zealot  
  137  12:36  Photon Cannon, Stalker  
  145  12:38  Zealot  
  145  12:39  Immortal  
  145  12:40  Pylon  
  145  12:42  Zealot  
  153  12:46  Sentry  
  155  12:52  Stalker  
  155  12:53  Sentry  
  155  12:55  Photon Cannon  
  155  12:57  Zealot  
  161  12:58  Zealot  
  161  12:59  Photon Cannon, Immortal  
  161  13:00  Zealot  
  161  13:02  Robotics Bay  
  169  13:07  Zealot  
  171  13:13  Zealot  
  171  13:14  Zealot  
  171  13:15  High Templar  
  171  13:16  Zealot  
  171  13:18  Zealot  
  181  13:23  Pylon  
  181  13:25  Zealot  
  181  13:26  Protoss Ground Weapons Level 3  
  114  13:27  Charge  
  183  13:28  Protoss Shields Level 1  
  183  13:31  Zealot  
  183  13:32  Adept  
  185  13:34  Zealot  
  185  13:35  Protoss Ground Armor Level 3  
  185  13:36  Zealot  
  185  13:40  Stargate  
  189  13:44  Colossus, Zealot  
  189  13:47  Photon Cannon  
  189  13:48  Disruptor  
  191  13:52  Pylon  
  200  13:56  Nexus  
  200  14:11  Zealot  
  200  14:12  Colossus  
  200  14:14  Zealot  
  200  14:15  Zealot  
  200  14:16  Photon Cannon  
  200  14:20  Adept, Stalker  
  200  14:21  Colossus, Stalker  
  200  14:22  Photon Cannon  
  188  14:27  Photon Cannon  
  188  14:29  Sentry  
  178  14:32  Zealot  
  178  14:34  Colossus, Zealot  
  178  14:38  Stalker  
  168  14:42  Adept  
  168  14:43  Stalker  
  170  14:51  Stalker, Zealot  
  174  14:52  Adept  
  170  15:00  Zealot  
  170  15:01  Colossus  
  170  15:02  Zealot  
  170  15:04  Stalker  
  180  15:07  Observer Gravitic Boosters  
  180  15:10  Sentry  
  180  15:11  Disruptor, Zealot  
  180  15:12  Stalker  
  186  15:19  Adept  
  186  15:21  Zealot  
  193  15:24  Immortal  
  193  15:26  Pylon  
  193  15:27  Nexus  
  197  15:50  Photon Cannon  
  197  15:55  Pylon  
  195  16:13  Assimilator  
  195  16:16  Assimilator  
  195  16:17  Assimilator  
  195  16:20  Assimilator  
  195  16:21  Sentry  
  195  16:22  Photon Cannon  
  195  16:24  Photon Cannon  
  199  16:26  Photon Cannon  
Tags
 
Add a new tag
Caveats
  • Supply blocks, unpowered buildings, or Contaminate may cause inaccurate times.
  • Supply counts are checked every 10 seconds.